 Dungeon Crawl Stone Soup version 0.17-a0-1636-g3119f2b (webtiles) character file.

53034 urechis the Brawler (level 14, -5/143 HPs)
             Began as a Troll Monk on Aug 5, 2015.
             Was an Initiate of Ru.
             Slain by a rakshasa
             ... wielding a +0 trident
              (14 damage)
             ... on level 1 of the Abyss.
             The game lasted 01:02:41 (22187 turns).

urechis the Brawler (Troll Monk)                   Turns: 22187, Time: 01:02:42

Health: -5/143     AC:  5    Str: 24      XL:     14   Next: 29%
Magic:  14/14      EV: 18    Int:  4 (6)  God:    Ru [......]
Gold:   1641       SH:  0    Dex: 15 (16) Spells: 0 memorised, 13 levels left

rFire  . . .     SeeInvis +       - Unarmed
rCold  . . .     Rnd*Rage +     M - +2 troll leather armour
rNeg   . . .     SustAt   .     (no shield)
rPois  .         Gourm    +     (helmet restricted)
rElec  .         Spirit   .     P - +1 cloak {+Inv}
rCorr  .         Warding  .     (gloves unavailable)
rMut   .         Stasis   .     (boots unavailable)
MR     +....                    (no amulet)
Stlth  +.........               E - +4 ring of protection
                                k - ring of see invisible

@: corroded equipment, somewhat resistant to hostile enchantments, very
unstealthy
A: unfitting armour, claws 3, berserk 1, blink 1, deformed body, deterioration
1, fast metabolism 3, gourmand, high mp 1, regeneration 2, screaming 2, shaggy
fur 1, strong 1, tough skin 2
a: Blink, Renounce Religion, Evoke Invisibility


You were on level 1 of the Abyss.
You worshipped Ru.
Ru was noncommittal.
You were not hungry.

You visited 4 branches of the dungeon, and saw 23 of its levels.
You visited the Abyss 1 time.
You also visited: Labyrinth and Bailey.

You collected 1641 gold pieces.

Inventory:

Missiles
 I - 7 large rocks (quivered)
Armour
 M - a +2 troll leather armour (worn)
 P - a +1 cloak of invisibility (worn)
Rods
 b - a +0 rod of ignition (9/9)
   (You found it on level 3 of the Dungeon)
Jewellery
 k - a ring of see invisible (left claw)
 o - an uncursed ring of protection from fire
 C - an uncursed ring of flight
 E - a +4 ring of protection (right claw)
Magical devices
 q - a wand of teleportation (3)
 G - a wand of disintegration (15)
 L - a wand of heal wounds (4)
 N - a wand of slowing (35)
 Q - a wand of paralysis (16)
Scrolls
 a - 5 scrolls of enchant armour
 e - 3 scrolls of blinking
 f - 3 scrolls of fog
 h - 8 scrolls of remove curse
 j - 5 scrolls of teleportation
 n - 4 scrolls of enchant weapon
 v - 2 scrolls of fear
 y - 6 scrolls of magic mapping
 O - a scroll of summoning
Potions
 c - a potion of lignification {unknown}
 g - 2 potions of cancellation {unknown}
 i - 9 potions of curing
 l - 5 potions of flight
 m - a potion of resistance {unknown}
 s - a potion of beneficial mutation {unknown}
 t - a potion of magic {unknown}
 u - 5 potions of agility {unknown}
 w - 4 potions of berserk rage {unknown}
 A - 2 potions of invisibility
 F - a potion of might {unknown}
 J - a potion of brilliance
Comestibles
 d - 11 meat rations
 r - 7 bread rations
 z - 12 slices of pizza
 B - 30 fruits
 D - 9 beef jerkies
 K - a royal jelly


   Skills:
 - Level 10.0 Fighting
 * Level 14.1 Dodging
 - Level 1.1 Stealth
 - Level 15.0 Unarmed Combat


You had 13 spell levels left.
You didn't know any spells.

Dungeon Overview and Level Annotations

Branches:
Dungeon (15/15)            Temple (1/1) D:7            Lair (6/8) D:11
  Snake (0/4) Lair:3        Slime (1/6) Lair:6          Orc (0/4) D:9
 Vaults (0/5) D:13         Depths (0/5) D:15
  Swamp: Lair:3-6    Shoals: Lair:3-6

Altars:
Ashenzari
Cheibriados
Dithmenos
Elyvilon
Fedhas
Gozag
Kikubaaqudgha
Makhleb
Nemelex Xobeh
Okawaru
Qazlal
Ru
Sif Muna
Trog
Vehumet
Xom
Yredelemnul
Zin
The Shining One

Shops:
D:7 *:*%*   D:11 }   D:14 [

Annotations:
Slime:1 4thArraOfDagon's ghost, mighty DsFE


Innate Abilities, Weirdness & Mutations

You are too large for most types of armour.
You have claws for hands.
Your metabolism is lightning-fast.
You like to eat raw meat.
You heal very quickly.
You sometimes yell uncontrollably at your foes.
You are covered in fur (AC +1).
You have very tough skin (AC +2).
You tend to lose your temper in combat.
You can translocate small distances at will.
Armour fits poorly on your strangely shaped body.
Your body sometimes deteriorates upon taking damage.
You have an increased reservoir of magic (+10% MP).
Your muscles are strong. (Str +2)


Message History

The rock wall explodes into countless fragments.
You are too injured to fight recklessly!
You are too injured to fight recklessly!
You are too injured to fight recklessly!
You are too injured to fight recklessly!
You are too injured to fight recklessly!
You are too injured to fight recklessly!
You are too injured to fight recklessly!
You are too injured to fight recklessly!
You are too injured to fight recklessly!
You are too injured to fight recklessly!
You are too injured to fight recklessly!
You are too injured to fight recklessly!
You are too injured to fight recklessly!
There are monsters nearby!
The rakshasa gestures at you. The orb of energy hits you!
* * * LOW HITPOINT WARNING * * *
The rakshasa hits you with a trident!
You die...

## ###. . .#
# .. ## # ..
. . .......
5# ## .
#...#.X # #..
#.# #....##
.####.. #...
# ...# #
#...5.#
##.G...# #.
.... 4##
###.#
.......ยง##
##@## .. .
.#..5####R# .
........ .
#4## #.
...... ...Xh#
## # ...
#.X#h#
#......X###h.
# . ..5## .
#.....## #.
#.# ##. .# .#
#


You could see 3 starcursed masses, a rakshasa, an eye of devastation, a rust
devil, 2 raiju and a white imp.

Vanquished Creatures
  Maud (D:10)
  The ghost of BlindIo the Basher, a powerful MiBe of Trog (D:13)
  The ghost of emiel the Fighter, a powerful CeWz of Cheibriados (Lair:4)
  A minotaur (Lab)
  A quicksilver dragon zombie (Abyss:1)
  4 vault guards (D:13)
  An ice dragon (D:15)
  Erolcha (D:8)
  Erica (D:8)
  3 centaur warriors
  Sonja (Lair:3)
  An unseen horror (D:15)
  4 hill giants
  2 orc knights
  A necromancer (Lair:6)
  A deep elf conjurer (D:15)
  2 cyclopes
  2 orc sorcerers (D:15)
  4 ugly things
  The ghost of urechis the Grappler, an experienced TrMo (D:6)
  A manticore (D:15)
  A naga mage (D:15)
  Joseph (D:8)
  7 spiny frogs
  A torpor snail (shapeshifter) (D:14)
  Psyche (D:9)
  2 centaur zombies
  4 komodo dragons
  An ancient zyme (Abyss:1)
  4 fire drakes
  2 polar bears
  A raiju (Abyss:1)
  The ghost of maniek23 the Sneak, an average DsAs (D:3)
  6 trolls
  A minotaur skeleton (Lab)
  3 slime creatures (D:12)
  3 two-headed ogres
  A trapdoor spider (D:14)
  3 small abominations (Abyss:1)
  2 deep elf magi (D:13)
  A wraith (D:14)
  5 flying skulls (Abyss:1)
  A shadow (D:12)
  3 basilisks
  26 yaks
  2 humans (D:9)
  A hungry ghost (D:8)
  A vampire mosquito (D:13)
  2 wyverns
  2 nagas (Lair:3)
  9 wolves
  6 hippogriffs
  Menkaure (D:4)
  A mottled dragon (D:15)
  2 steam dragons
  6 water moccasins
  A hell hound (Abyss:1)
  8 orc warriors
  6 sky beasts
  14 porcupines
  3 black bears
  A soldier ant (D:11)
  2 eyes of draining
  2 phantoms
  20 centaurs
  7 ice beasts
  11 crocodiles
  5 big kobolds
  5 ogres
  18 giant frogs
  A brain worm (D:13)
  2 wyvern zombies
  A water moccasin zombie (D:10)
  12 scorpions
  11 killer bees
  2 electric eels
  9 wights
  4 lava snakes (Lab)
  6 crimson imps
  7 orc priests
  A basilisk zombie (Lair:6)
  7 jellies
  11 orc wizards
  A giant frog zombie (D:12)
  3 centaur skeletons
  4 giant frog skeletons
  9 hounds
  Jessica (D:8)
  A gnoll shaman (D:8)
  7 iguanas
  10 worker ants
  A killer bee zombie (D:6)
  9 sheep
  A hound skeleton (D:11)
  3 worker ant zombies
  6 gnolls
  40 river rats
  3 shadow imps
  19 adders
  3 oozes
  3 worms
  5 giant geckos
  51 orcs
  10 bats
  5 giant cockroaches
  6 goblins
  5 hobgoblins
  9 jackals
  5 quokkas
  4 giant newts
  2 jackal skeletons (D:5)
  22 kobolds
  2 quokka skeletons
  5 rats
581 creatures vanquished.

Vanquished Creatures (others)
  4 fungi
  3 plants
  13 starspawn tentacles (Abyss:1)
  228 starspawn tentacle segments (Abyss:1)
248 creatures vanquished.

Grand Total: 829 creatures vanquished

Notes
Turn   | Place    | Note
--------------------------------------------------------------
     0 | D:1      | urechis the Troll Monk began the quest for the Orb.
     0 | D:1      | Reached XP level 1. HP: 22/22 MP: 0/0
   121 | D:1      | Reached XP level 2. HP: 27/29 MP: 1/1
   711 | D:2      | Found an ancient bone altar of Kikubaaqudgha.
   845 | D:2      | Found a blossoming altar of Fedhas.
   845 | D:2      | Found a basalt altar of Yredelemnul.
  1104 | D:2      | Reached XP level 3. HP: 28/36 MP: 2/2
  1471 | D:2      | Found a stormy altar of Qazlal.
  1506 | D:3      | Noticed maniek23's ghost (average DsAs)
  1522 | D:3      | Killed maniek23's ghost
  1522 | D:3      | Reached skill level 6 in Unarmed Combat
  1522 | D:3      | Reached XP level 4. HP: 16/48 MP: 3/3
  1522 | D:3      | Reached XP level 5. HP: 18/54 MP: 4/4
  1612 | D:3      | Found a sacrificial altar of Ru.
  1683 | D:3      | Reached XP level 6. HP: 62/62 MP: 5/5
  1735 | D:3      | Identified a +0 rod of ignition (9/9) (You found it on level 3 of the Dungeon)
  2202 | D:4      | Noticed Menkaure
  2208 | D:4      | Killed Menkaure
  2208 | D:4      | Reached skill level 7 in Unarmed Combat
  2211 | D:4      | Reached XP level 7. HP: 27/71 MP: 6/6
  2309 | D:4      | Found a radiant altar of Vehumet.
  2322 | D:4      | Found a snail-covered altar of Cheibriados.
  2333 | D:4      | Found a burning altar of Makhleb.
  2540 | D:4      | Got a crystal whip
  2541 | D:4      | Identified the +2 whip "Giantslayer" {flame, *Rage rC+ Int+4 Dex+6} (You found it on level 4 of the Dungeon)
  2689 | D:5      | Entered Level 5 of the Dungeon
  2700 | D:5      | Reached skill level 8 in Unarmed Combat
  3325 | D:5      | Reached skill level 5 in Fighting
  3514 | D:5      | Reached XP level 8. HP: 66/80 MP: 7/7
  3944 | D:5      | Reached skill level 9 in Unarmed Combat
  3993 | D:6      | Noticed urechis's ghost (experienced TrMo)
  4218 | D:6      | Killed urechis's ghost
  4218 | D:6      | Reached skill level 10 in Unarmed Combat
  4312 | D:6      | Reached XP level 9. HP: 84/89 MP: 8/8
  4391 | D:6      | Found a shimmering altar of Xom.
  4774 | D:6      | Reached skill level 11 in Unarmed Combat
  5261 | D:7      | Found Fexa's Food Shop.
  5335 | D:7      | Found Toshitucw's General Store.
  5390 | D:7      | Found a flagged portal.
  5400 | Bailey   | Entered a bailey
  5400 | Bailey   | Noticed an orc knight
  5400 | Bailey   | Noticed karlkraus's ghost (powerful MiFi)
  5471 | D:7      | Found Den Eph's Book Emporium.
  5481 | D:7      | Found Bodiduol's General Store.
  5543 | D:7      | Found a bloodstained altar of Trog.
  5557 | D:7      | Found a staircase to the Ecumenical Temple.
  5622 | D:7      | Gained mutation: Your muscles are strong. (Str +2) [potion of mutation]
  5622 | D:7      | Gained mutation: Armour fits poorly on your strangely shaped body. [potion of mutation]
  5622 | D:7      | Gained mutation: You can translocate small distances at will. [potion of mutation]
  5842 | D:7      | Found a glowing silver altar of Zin.
  6213 | D:7      | Found Duopnak's General Store.
  6605 | D:8      | Found a shattered altar of Ashenzari.
  6658 | D:8      | Reached skill level 12 in Unarmed Combat
  6695 | D:8      | Noticed Erolcha
  6701 | D:8      | Killed Erolcha
  6701 | D:8      | Reached XP level 10. HP: 71/102 MP: 9/9
  6703 | D:8      | Noticed Jessica
  6708 | D:8      | Found a deep blue altar of Sif Muna.
  6720 | D:8      | Killed Jessica
  6820 | D:8      | Noticed Erica
  6840 | D:8      | Killed Erica
  7085 | D:8      | Noticed Joseph
  7139 | D:8      | Killed Joseph
  7139 | D:8      | Reached skill level 13 in Unarmed Combat
  7872 | D:9      | Found an iron altar of Okawaru.
  7925 | D:9      | Noticed Psyche
  7933 | D:9      | Killed Psyche
  8410 | D:9      | Found a staircase to the Orcish Mines.
  8749 | D:9      | Reached XP level 11. HP: 107/113 MP: 10/10
  8852 | D:10     | Entered Level 10 of the Dungeon
  8908 | D:10     | Reached skill level 14 in Unarmed Combat
  8963 | D:10     | Noticed a two-headed hydra
  9276 | D:10     | Noticed a hill giant
  9316 | D:10     | Killed a hill giant
  9811 | D:10     | Noticed Maud
  9824 | D:10     | Killed Maud
  9827 | D:10     | Gained mutation: Your body sometimes deteriorates upon taking damage. [potion of mutation]
  9827 | D:10     | Gained mutation: You have an increased reservoir of magic (+10% MP). [potion of mutation]
  9829 | D:10     | Noticed a hill giant
 10696 | D:11     | Found a staircase to the Lair.
 10730 | D:11     | Found Pixoudd's Gadget Shop.
 11167 | D:11     | Reached skill level 15 in Unarmed Combat
 11476 | Lair:1   | Entered Level 1 of the Lair of Beasts
 11926 | Lair:1   | Found a frozen archway.
 12492 | Lair:2   | Found a labyrinth entrance.
 12520 | Lab      | Entered a labyrinth
 12662 | Lab      | Reached skill level 5 in Dodging
 12674 | Lab      | Noticed a minotaur
 12680 | Lab      | Killed a minotaur
 12680 | Lab      | Reached XP level 12. HP: 98/126 MP: 12/12
 12686 | Lab      | Identified Sif Muna's Reference Book on the Ashen Glacier (You found it in a labyrinth)
 12686 | Lab      | Identified Guextimm's Tome of Torrid Combat Magic (You found it in a labyrinth)
 12815 | Lab      | Got an iridescent morningstar
 12842 | Lab      | Identified the cursed +2 morningstar "Kuriohuf" {pain, *Confuse rN+ Dex+7} (You found it in a labyrinth)
 12979 | Lair:2   | Reached skill level 10 in Fighting
 13205 | Lair:2   | Gained mutation: You occasionally shout uncontrollably at your foes. [potion of mutation]
 13205 | Lair:2   | Gained mutation: You tend to lose your temper in combat. [potion of mutation]
 13803 | Lair:3   | Found a staircase to the Snake Pit.
 14085 | Lair:3   | Noticed Sonja
 14100 | Lair:3   | Killed Sonja
 14591 | Lair:4   | Noticed emiel's ghost (powerful CeWz)
 14606 | Lair:4   | Killed emiel's ghost
 15699 | Lair:5   | Reached skill level 10 in Dodging
 15704 | Lair:5   | Noticed an eight-headed hydra
 16645 | Lair:6   | Reached XP level 13. HP: 133/133 MP: 13/13
 16820 | Lair:6   | Found a staircase to the Slime Pits.
 16904 | Slime:1  | Entered Level 1 of the Pits of Slime
 16904 | Slime:1  | Noticed 4thArraOfDagon's ghost (mighty DsFE)
 18397 | D:10     | Killed a hill giant
 18486 | Temple   | Entered the Ecumenical Temple
 18727 | D:3      | Became a worshipper of Ru the Awakened
 18730 | D:3      | Gained mutation: You sometimes yell uncontrollably at your foes. [Ru sacrifice]
 19174 | D:13     | Noticed BlindIo's ghost (powerful MiBe)
 19534 | D:13     | Found a gate to the Vaults.
 19616 | D:13     | Killed BlindIo's ghost
 20095 | D:14     | Found Zymuvun's Armour Shoppe.
 20507 | D:14     | Found a bloodstained altar of Trog.
 20877 | D:15     | Entered Level 15 of the Dungeon
 20984 | D:15     | Reached XP level 14. HP: 91/143 MP: 14/14
 21899 | D:15     | Found a staircase to the Depths.
 21899 | D:15     | Cast into the Abyss (a wizard)
 22077 | Abyss:1  | Noticed a tentacled starspawn
 22182 | Abyss:1  | HP: 7/143 [starcursed mass (illusionary)/accursed screaming (11)]
 22187 | Abyss:1  | Slain by a rakshasa

Vault maps used:
D:1:      grunt_arrival_lava_bath, minmay_misc_feat_ornament
D:2:      old_standard_altar, amethyst_overflow_temple_binary,
          lemuel_coloured_pillars_altar
D:3:      lemuel_round_altar
D:4:      fiery_altar_vehumet, cheibriados_altar_1, first_bread,
          makhleb_heckhound_becter, uniq_menkaure
D:5:      roderic_lattice_a
D:6:      black_bear_nest_1, old_standard_altar,
          hangedman_abyss_or_decor_jellyfish_corner, minmay_joined_circles
D:7:      old_forge, zin_treasury, kennysheep_mini,
          minmay_temple_entry_junction, enter_bailey_8, serial_shops,
          kennysheep_little_box, shop, shop_fountains, shop, shop, serial_glass,
          glass_columns_c, glass_columns_a
D:8:      tgw_sif, nicolae_overflow_crystal_walls, uniq_erolcha, uniq_joseph,
          uniq_erica
D:9:      nicolae_whirlpool, okawaru_humans, orc_0_dummy, uniq_psyche
D:10:     hangedman_ranch, uniq_maud
D:11:     minmay_lair_entry_lava, serial_shops, shop, evilmike_butchery
D:13:     lightli_vaults_fourway_checkpoint
D:14:     serial_shops, shop, minmay_misc_feat_roman, basic_altar
D:15:     grunt_enter_depths_magical_seal, minmay_misc_feat_tower
Temple:   circular_temple_6
Lair:1:   portal_ice_cave_entry_pillars_02, grunt_megastairs_2
Lair:2:   lab_entry_generic, columned_hall_lemuel, lemuel_fruit_tree,
          infiniplex_staircase_pool
Lair:3:   gammafunk_lair_bear_cave, minmay_snake_entry_guardpost_small,
          bobbens_dragon_lair_wall, infiniplex_staircase_pool_2, uniq_sonja
Lair:6:   pond_and_an_island_with_a_cottage, minmay_shoals_entry_hut,
          nicolae_slime_entry_slimehenge, special_room, st_stairs_9
Abyss:1:  minivault_22, guppyfry_abyss_exit_glass_guarded
Lab:      labyrinth_watery, nicolae_lab_diamond, nicolae_lab_checkerboard,
          lab_block, nicolae_lab_garden, nicolae_lab_t_cross, lab_fountain,
          labyrinth_skeletal_remains, nicolae_lab_statue, nicolae_lab_stuck,
          labyrinth_lava_lair
Bailey:   bailey_polearm_4, bailey

Action                   |  1- 3 |  4- 6 |  7- 9 | 10-12 | 13-15 || total
-------------------------+-------+-------+-------+-------+-------++-------
Melee: Unarmed           |    95 |    62 |   297 |   743 |   589 ||  1786
       Double sword      |       |       |     4 |       |       ||     4
Invok: Sacrifice Purity  |       |       |       |       |     1 ||     1
       Reject Sacrifices |       |       |       |       |     1 ||     1
 Abil: Blink             |       |       |     3 |    12 |       ||    15
Evoke: Rod               |       |       |       |     1 |       ||     1
  Use: Potion            |     2 |       |     1 |     5 |     2 ||    10
       Scroll            |       |       |    18 |     5 |     7 ||    30
 Stab: Sleeping          |     2 |     2 |     6 |    10 |     1 ||    21
       Held in net/web   |       |       |     1 |       |       ||     1
       Distracted        |       |       |       |     1 |       ||     1
  Eat: Chunk             |    16 |     7 |    41 |    90 |    45 ||   199
       Beef jerky        |       |       |     1 |       |       ||     1
       Royal jelly       |       |       |       |       |     3 ||     3
